AA CENTRAL
FRISCO ROUGHRIDERS @ SPRINGFIELD CARDINALS
07/25/2041
 
TOP OF THE 1ST
Frisco RoughRiders batting - Pitching for Springfield Cardinals : RHP Chip Brennan
Pitching: RHP Chip Brennan
Batting: RHB António Ramírez 0-0: Ground out 6-3 (Groundball, 6, EV 99.4 MPH)
Batting: LHB Caspar Ahernfeld 0-0: Ball
1-0: Ball
2-0: Called Strike
2-1: Ball
3-1: Base on Balls
Batting: LHB Jim Unknown 0-0: SINGLE (Groundball, 56D, EV 102.5 MPH)
Caspar Ahernfeld to second
Batting: RHB Joel Johnson 0-0: SINGLE (Line Drive, 78M, EV 109.4 MPH)
Caspar Ahernfeld to third
Jim Unknown to second
Batting: RHB Jim Unknown 0-0: Ball
1-0: Grounds into double play, 6-4-3 (Groundball, 6, EV 85.0 MPH)
Top of the 1st over - 0 runs, 2 hits, 0 errors, 2 left on base; Frisco 0 - Springfield 0
BOTTOM OF THE 1ST
Springfield Cardinals batting - Pitching for Frisco RoughRiders : RHP Jim Rose
Pitching: RHP Jim Rose
Batting: RHB Mende Dodwell 0-0: Ball
1-0: Foul Ball, location: 2F
1-1: Called Strike
1-2: SOLO HOME RUN (Flyball, 9D, EV 98.8 MPH), Distance : 369 ft
Batting: LHB José Baca 0-0: Ball
1-0: Swinging Strike
1-1: Foul Ball, location: 2F
1-2: SINGLE (Groundball, 4, EV 85.6 MPH)
Batting: RHB Ronnie Watson 0-0: Ball
1-0: Ball
2-0: Fly out, F7 (Flyball, 78D, EV 101.9 MPH)
Batting: LHB Alex Wood 0-0: Ball
José Baca is caught stealing 2nd base 2-6
1-0: Ball
2-0: Ball
3-0: Base on Balls
Batting: RHB Tony Vance 0-0: SINGLE (Groundball, 4MS, EV 71.3 MPH) (infield hit)
Alex Wood to second
Batting: LHB Wilson Dampos 0-0: Ball
1-0: Called Strike
1-1: Ground out U3 (Groundball, 34S, EV 71.9 MPH)
Bottom of the 1st over - 1 run, 3 hits, 0 errors, 2 left on base; Frisco 0 - Springfield 1
TOP OF THE 2ND
Frisco RoughRiders batting - Pitching for Springfield Cardinals : RHP Chip Brennan
Batting: RHB Jim Unknown 0-0: Ball
1-0: Foul Ball, location: 9LDF
1-1: Ball
2-1: Foul Ball, location: 2F
2-2: Ball
3-2: Strikes out swinging, 2-3 out at first.
Batting: RHB Jim Unknown 0-0: Ball
1-0: Foul Ball, location: 9LSF
1-1: Swinging Strike
1-2: SINGLE (Groundball, 4D, EV 100.0 MPH)
Batting: RHB Jim Unknown 0-0: Fly out, F9 (Flyball, 89M, EV 89.4 MPH)
Batting: LHB Jim Unknown 0-0: Ball
1-0: Called Strike
1-1: Foul Ball, location: 2F
1-2: Strikes out swinging
Top of the 2nd over - 0 runs, 1 hit, 0 errors, 1 left on base; Frisco 0 - Springfield 1
BOTTOM OF THE 2ND
Springfield Cardinals batting - Pitching for Frisco RoughRiders : RHP Jim Rose
Batting: RHB Dusty Robinson 0-0: Ball
1-0: Called Strike
1-1: Ball
2-1: Foul Ball, location: 7LMF
2-2: Ball
3-2: Base on Balls
Batting: RHB Cris Castro 0-0: Ball
1-0: Sac Bunt to 13 - play at first, batter OUT! 1-3
Dusty Robinson to second
Batting: RHB Alan Radini 0-0: Called Strike
0-1: Swinging Strike
0-2: Strikes out swinging
Batting: RHB Mende Dodwell 0-0: Ball
1-0: Swinging Strike
1-1: Ball
2-1: Ball
3-1: Called Strike
3-2: Foul Ball, location: 2F
3-2: SINGLE (Line Drive, 7LS, EV 98.1 MPH)
Dusty Robinson to third
Runner from 3rd tries for Home, SAFE, throw by LF to home
Batting: LHB José Baca 0-0: Called Strike
0-1: Ground out 1-3 (Groundball, 34S, EV 71.3 MPH)
Bottom of the 2nd over - 1 run, 1 hit, 0 errors, 1 left on base; Frisco 0 - Springfield 2
TOP OF THE 3RD
Frisco RoughRiders batting - Pitching for Springfield Cardinals : RHP Chip Brennan
Batting: RHB António Ramírez 0-0: Swinging Strike
0-1: Ball
1-1: Ball
2-1: Swinging Strike
2-2: Strikes out swinging
Batting: LHB Caspar Ahernfeld 0-0: Ball
1-0: Called Strike
1-1: SINGLE (Line Drive, 89M, EV 105.6 MPH)
Batting: LHB Jim Unknown 0-0: Called Strike
0-1: Ball
1-1: Grounds into double play, 4-6-3 (Groundball, 34, EV 106.9 MPH)
Top of the 3rd over - 0 runs, 1 hit, 0 errors, 0 left on base; Frisco 0 - Springfield 2
BOTTOM OF THE 3RD
Springfield Cardinals batting - Pitching for Frisco RoughRiders : RHP Jim Rose
Batting: RHB Ronnie Watson 0-0: SINGLE (Groundball, 6MS, EV 71.3 MPH) (infield hit)
Batting: LHB Alex Wood 0-0: Called Strike
0-1: Grounds out, U3 (Groundball, 3L, EV 99.4 MPH)
Batting: RHB Tony Vance 0-0: Ball
1-0: Ball
2-0: Called Strike
2-1: Ball
3-1: Base on Balls
Batting: LHB Wilson Dampos 0-0: Ball
1-0: Ball
2-0: Foul Ball, location: 7LDF
2-1: Fly out, F6 (Line Drive, 6, EV 70.6 MPH)
Batting: RHB Dusty Robinson 0-0: Foul Ball, location: 9LSF
0-1: Foul Ball, location: 2F
0-2: Foul Ball, location: 2LF
0-2: Fielders Choice at 2nd, 6-4 (Groundball, 6, EV 106.3 MPH)
Bottom of the 3rd over - 0 runs, 1 hit, 0 errors, 2 left on base; Frisco 0 - Springfield 2
TOP OF THE 4TH
Frisco RoughRiders batting - Pitching for Springfield Cardinals : RHP Chip Brennan
Batting: RHB Joel Johnson 0-0: SOLO HOME RUN (Flyball, 8RXD, EV 106.3 MPH), Distance : 404 ft
Batting: RHB Jim Unknown 0-0: Ball
1-0: Ball
2-0: Called Strike
2-1: Foul Ball, location: 2F
2-2: SOLO HOME RUN (Flyball, 9LD, EV 91.3 MPH), Distance : 345 ft
Batting: RHB Jim Unknown 0-0: Ball
1-0: Ball
2-0: Ball
3-0: Called Strike
3-1: Base on Balls
Batting: RHB Jim Unknown 0-0: Foul Ball, location: 3F
0-1: Fly out, F3 (Popup, 34S, EV 80.6 MPH)
Batting: RHB Jim Unknown 0-0: Foul Ball, location: 2F
0-1: Fly out, F8 (Flyball, 8RXD, EV 98.1 MPH)
Batting: LHB Jim Unknown 0-0: Fly out, F8 (Flyball, 8RM, EV 96.9 MPH)
Top of the 4th over - 2 runs, 2 hits, 0 errors, 1 left on base; Frisco 2 - Springfield 2
BOTTOM OF THE 4TH
Springfield Cardinals batting - Pitching for Frisco RoughRiders : RHP Jim Rose
Batting: RHB Cris Castro 0-0: Swinging Strike
0-1: Called Strike
0-2: Ball
1-2: Strikes out swinging
Batting: RHB Alan Radini 0-0: Ball
1-0: Ball
2-0: SINGLE (Groundball, 56D, EV 97.5 MPH)
Batting: RHB Mende Dodwell 0-0: Called Strike
0-1: Ball
1-1: Ball
2-1: Fly out, F9 (Flyball, 9LM, EV 83.1 MPH)
Batting: LHB José Baca 0-0: SINGLE (Groundball, 4MD, EV 96.9 MPH)
Alan Radini to second
Batting: RHB Ronnie Watson 0-0: Called Strike
0-1: Ball
1-1: Called Strike
1-2: DOUBLE (Flyball, 8RXD, EV 112.5 MPH)
Alan Radini scores
José Baca to third
Runner from 3rd tries for Home, SAFE, throw by CF to home
Batting: LHB Alex Wood 0-0: Fly out, F4 (Line Drive, 4, EV 72.5 MPH)
Bottom of the 4th over - 2 runs, 3 hits, 0 errors, 1 left on base; Frisco 2 - Springfield 4
TOP OF THE 5TH
Frisco RoughRiders batting - Pitching for Springfield Cardinals : RHP Chip Brennan
Batting: RHB António Ramírez 0-0: Ball
1-0: Ball
2-0: Called Strike
2-1: Swinging Strike
2-2: Ground out 5-3 (Groundball, 56S, EV 93.1 MPH)
Batting: LHB Caspar Ahernfeld 0-0: Ball
1-0: Called Strike
1-1: Foul Ball, location: 3FF
1-2: Ball
2-2: Foul Ball, location: 2F
2-2: Foul Ball, location: 2F
2-2: Foul Ball, location: 5F
2-2: Strikes out swinging
Batting: LHB Jim Unknown 0-0: Called Strike
0-1: Called Strike
0-2: Strikes out looking
Top of the 5th over - 0 runs, 0 hits, 0 errors, 0 left on base; Frisco 2 - Springfield 4
BOTTOM OF THE 5TH
Springfield Cardinals batting - Pitching for Frisco RoughRiders : RHP Jim Rose
Batting: RHB Tony Vance 0-0: Ground out 6-3 (Groundball, 6MS, EV 82.5 MPH)
Batting: LHB Wilson Dampos 0-0: Foul Ball, location: 2F
0-1: Foul Ball, location: 2F
0-2: SINGLE (Groundball, 6M, EV 99.4 MPH)
Pitching: RHP Jim Unknown
Batting: RHB Dusty Robinson 0-0: Called Strike
0-1: Ball
1-1: SINGLE (Line Drive, 89M, EV 90.0 MPH)
Wilson Dampos to second
Batting: RHB Cris Castro 0-0: Called Strike
0-1: Foul Ball, location: 9LMF
0-2: Foul Ball, location: 23FF
0-2: Grounds into double play, 6-4-3 (Groundball, 6, EV 85.6 MPH)
Bottom of the 5th over - 0 runs, 2 hits, 0 errors, 1 left on base; Frisco 2 - Springfield 4
TOP OF THE 6TH
Frisco RoughRiders batting - Pitching for Springfield Cardinals : RHP Chip Brennan
Batting: RHB Joel Johnson 0-0: Ball
1-0: Foul Ball, location: 2F
1-1: Called Strike
1-2: Ball
2-2: Fly out, F8 (Flyball, 8LM, EV 95.0 MPH)
Batting: RHB Jim Unknown 0-0: Foul Ball, location: 3DF
0-1: Ball
1-1: Swinging Strike
1-2: Foul Ball, location: 2F
1-2: Strikes out looking
Batting: RHB Jim Unknown 0-0: Ground out 6-3 (Groundball, 6, EV 105.6 MPH)
Top of the 6th over - 0 runs, 0 hits, 0 errors, 0 left on base; Frisco 2 - Springfield 4
BOTTOM OF THE 6TH
Springfield Cardinals batting - Pitching for Frisco RoughRiders : RHP Jim Unknown
Batting: RHB Alan Radini 0-0: Ball
1-0: Ball
2-0: Called Strike
2-1: Ball
3-1: Base on Balls
Batting: RHB Mende Dodwell 0-0: SINGLE (Line Drive, 89S, EV 96.9 MPH)
Alan Radini to second
Batting: LHB José Baca 0-0: Called Strike
0-1: Foul Ball, location: 5F
0-2: Strikes out swinging
Batting: RHB Ronnie Watson 0-0: Ball
1-0: DOUBLE (Flyball, 89XD, EV 91.9 MPH)
Alan Radini scores
Mende Dodwell to third
Runner from 3rd tries for Home, throw by CF and OUT! 8-4-2
Ronnie Watson to third
Batting: LHB Alex Wood 0-0: Swinging Strike
0-1: Called Strike
0-2: Ball
1-2: Strikes out swinging
Bottom of the 6th over - 1 run, 2 hits, 0 errors, 1 left on base; Frisco 2 - Springfield 5
TOP OF THE 7TH
Frisco RoughRiders batting - Pitching for Springfield Cardinals : RHP Chip Brennan
Batting: RHB Jim Unknown 0-0: Ball
1-0: Ball
2-0: Ball
3-0: Called Strike
3-1: Fly out, F9 (Flyball, 89S, EV 88.1 MPH)
Batting: RHB Jim Unknown 0-0: Ground out 6-3 (Groundball, 6, EV 92.5 MPH)
Batting: LHB Jim Unknown 0-0: Foul Ball, location: 7LSF
0-1: Ball
1-1: Ball
2-1: Foul Ball, location: 2F
2-2: Strikes out looking
Top of the 7th over - 0 runs, 0 hits, 0 errors, 0 left on base; Frisco 2 - Springfield 5
BOTTOM OF THE 7TH
Springfield Cardinals batting - Pitching for Frisco RoughRiders : RHP Jim Unknown
Batting: RHB Tony Vance 0-0: Ball
1-0: Ball
2-0: Ball
3-0: Called Strike
3-1: SOLO HOME RUN (Line Drive, 9LD, EV 91.3 MPH), Distance : 340 ft
Batting: LHB Wilson Dampos 0-0: Called Strike
0-1: Swinging Strike
0-2: Ball
1-2: Ball
2-2: Foul Ball, location: 3F
2-2: DOUBLE (Flyball, 8LXD, EV 95.6 MPH)
Batting: RHB Dusty Robinson 0-0: Called Strike
0-1: Foul Ball, location: 2F
0-2: Ball
1-2: SINGLE (Line Drive, 8LS, EV 91.9 MPH)
Wilson Dampos to third
Batting: RHB Cris Castro 0-0: Foul Ball, location: 2F
0-1: Ball
1-1: Ball
2-1: Ball
3-1: Called Strike
3-2: SINGLE (Flyball, 89S, EV 84.4 MPH)
Wilson Dampos scores
Dusty Robinson to second
Pitching: RHP Jim Unknown
Batting: RHB Alan Radini 0-0: Swinging Strike
0-1: Foul Ball, location: 7LSF
0-2: Ball
1-2: Ball
2-2: Grounds into double play, 6-4-3 (Groundball, 6S, EV 85.6 MPH)
Dusty Robinson to third
Batting: RHB Mende Dodwell 0-0: Ball
1-0: DOUBLE (Line Drive, 5D, EV 95.0 MPH)
Dusty Robinson scores
Batting: LHB José Baca 0-0: Foul Ball, location: 2F
0-1: Foul Ball, location: 2F
0-2: SINGLE (Line Drive, 78M, EV 104.4 MPH)
Mende Dodwell to third
Runner from 3rd tries for Home, throw by CF and OUT! 8-2
Bottom of the 7th over - 3 runs, 6 hits, 0 errors, 1 left on base; Frisco 2 - Springfield 8
TOP OF THE 8TH
Frisco RoughRiders batting - Pitching for Springfield Cardinals : RHP Chip Brennan
Batting: RHB António Ramírez 0-0: Called Strike
0-1: Ground out 4-3 (Groundball, 4, EV 109.4 MPH)
Batting: LHB Caspar Ahernfeld 0-0: Foul Ball, location: 7LDF
0-1: Ball
1-1: Ball
2-1: Foul Ball, location: 2F
2-2: Ball
3-2: Base on Balls
Pitching: RHP Marc Talley
Batting: LHB Jim Unknown 0-0: Ball
1-0: Foul Ball, location: 7LMF
1-1: Ball
2-1: Ball
3-1: Foul Ball, location: 3F
3-2: Base on Balls
Caspar Ahernfeld to second
Batting: RHB Joel Johnson 0-0: Ball
1-0: Ball
2-0: Called Strike
2-1: Ball
3-1: Fly out, F9 (Flyball, 89XD, EV 101.9 MPH)
Runner from 2nd tags up, SAFE at 3rd, no throw by RF
Batting: RHB Jim Unknown 0-0: Ball
1-0: Swinging Strike
1-1: Ball
2-1: Swinging Strike
2-2: Ball
3-2: Foul Ball, location: 3SF
3-2: Strikes out swinging
Top of the 8th over - 0 runs, 0 hits, 0 errors, 2 left on base; Frisco 2 - Springfield 8
BOTTOM OF THE 8TH
Springfield Cardinals batting - Pitching for Frisco RoughRiders : RHP Jim Unknown
Batting: RHB Ronnie Watson 0-0: Ball
1-0: Ball
2-0: Ball
3-0: Called Strike
3-1: Fly out, F7 (Flyball, 7LSF, EV 91.9 MPH)
Batting: LHB Alex Wood 0-0: Foul Ball, location: 7LDF
0-1: Swinging Strike
0-2: SOLO HOME RUN (Flyball, 9D, EV 94.4 MPH), Distance : 378 ft
Batting: RHB Tony Vance 0-0: Called Strike
0-1: Foul Ball, location: 3F
0-2: Ball
1-2: Ball
2-2: Ball
3-2: Base on Balls
Batting: LHB Wilson Dampos 0-0: Hit by Pitch
Tony Vance to second
Batting: RHB Dusty Robinson 0-0: Ball
1-0: 3-RUN HOME RUN (Flyball, 7D, EV 101.9 MPH), Distance : 378 ft
Batting: RHB Cris Castro 0-0: Swinging Strike
0-1: Ball
1-1: Called Strike
1-2: Foul Ball, location: 2F
1-2: Ground out 6-3 (Groundball, 6, EV 88.1 MPH)
Batting: RHB Alan Radini 0-0: SOLO HOME RUN (Flyball, 9LD, EV 90.6 MPH), Distance : 339 ft
Pitching: LHP Jim Unknown
Batting: RHB Mende Dodwell 0-0: Ball
1-0: Ball
2-0: Ball
3-0: Called Strike
3-1: Base on Balls
Batting: LHB José Baca 0-0: TRIPLE (Flyball, 89XD, EV 102.5 MPH)
Mende Dodwell scores
Batting: RHB Ronnie Watson 0-0: Called Strike
0-1: Fly out, F7 (Flyball, 78S, EV 96.3 MPH)
Bottom of the 8th over - 6 runs, 4 hits, 0 errors, 1 left on base; Frisco 2 - Springfield 14
TOP OF THE 9TH
Frisco RoughRiders batting - Pitching for Springfield Cardinals : RHP Marc Talley
Batting: RHB Jim Unknown 0-0: Ball
1-0: Foul Ball, location: 23F
1-1: Foul Ball, location: 9LDF
1-2: Strikes out swinging
Pinch Hitting: RHB Jim Unknown 0-0: Called Strike
0-1: Foul Ball, location: 3F
0-2: Foul Ball, location: 2F
0-2: Strikes out swinging
Pinch Hitting: SHB Jim Unknown 0-0: Swinging Strike
0-1: Called Strike
0-2: Ball
1-2: SINGLE (Line Drive, 9S, EV 95.0 MPH)
Pinch Hitting: RHB Jim Unknown 0-0: Called Strike
0-1: Swinging Strike
0-2: Ball
1-2: Strikes out swinging
Top of the 9th over - 0 runs, 1 hit, 0 errors, 1 left on base; Frisco 2 - Springfield 14
Monday, April 1st , 2024 - OOTP Baseball 24.10 Build 82